 Dungeon Crawl Stone Soup version bcrawl-1.37.2 (webtiles) character file.

Game seed: 5004511435242916800

138137 Morbidden the Ducker (level 5, 48/48 HPs)
             Began as a Troll Archaeologist on Dec 29, 2022.
             Quit the game on level 3 of the Dungeon.
             The game lasted 00:05:17 (2520 turns).

Morbidden the Ducker (Troll Archaeologist)          Turns: 2520, Time: 00:05:18

Health: 48/48      AC:  7    Str: 19    XL:     5   Next: 7%
Magic:  5/5        EV: 10    Int: 12    God:
Gold:   287        SH:  0    Dex:  8    Spells: 6/6 levels left

rFire    . . .     GDR:     24%   - Claws (14.5)
rCold    + . .     SeeInvis .   (no shield)
rNeg     . . .     Gourm    +   (armour unavailable)
rPois    .         Faith    +   c - +1 hat
rElec    .         Spirit   .   (no cloak)
rCorr    .         Reflect  .   (gloves unavailable)
MR       .....                  (boots unavailable)
Stlth    ++++......             j - amulet of faith
HPRegen  0.58/turn              x - ring of stealth
MPRegen  0.09/turn              u - ring of protection from cold

@: no status effects
A: large, almost no armour, claws 3, fast metabolism 3, gourmand, regeneration
1, AC +6
a: no special abilities


You were on level 3 of the Dungeon.
You were completely stuffed.

You visited 1 branch of the dungeon, and saw 3 of its levels.

You collected 287 gold pieces.

Inventory:

Hand Weapons
 f - a +0 blowgun
Missiles
 d - 17 curare-tipped needles
 l - 1147 stones (quivered)
Armour
 c - a +1 hat (worn)
Jewellery
 a - an uncursed ring of positive energy
 j - an amulet of faith (around neck)
 p - a +4 ring of intelligence
 u - a ring of protection from cold (right claw)
 x - a ring of stealth (left claw)
Wands
 v - a wand of disintegration (13)
Scrolls
 g - 4 scrolls of magic mapping
 i - 5 scrolls of identify
 k - a scroll of remove curse {unknown}
 m - a scroll of teleportation {unknown}
 o - 3 scrolls of fear {unknown}
 r - 2 scrolls of fog {unknown}
 w - a scroll of blinking {unknown}
Potions
 h - a potion of haste {unknown}
 n - 3 potions of curing
 q - a potion of invisibility {unknown}
 s - a potion of cancellation {unknown}
Comestibles
 e - 7 rations {!d}


   Skills:
 * Level 1.4 Fighting
   Level 1.0 Maces & Flails
 * Level 1.0 Throwing
 * Level 3.2 Dodging
 + Level 2.0 Stealth
 * Level 2.4 Unarmed Combat
 * Level 1.0 Spellcasting


You had 6 spell levels left.
You didn't know any spells.
Your spell library was empty.

Dungeon Overview and Level Annotations

Branches:
Dungeon (3/12)

Altars:
Trog


Innate Abilities, Weirdness & Mutations

You cannot wear most types of armour.
Your thick skin is tough. (AC +6)
You are too large for most types of armour.
You have claws for hands.
Your metabolism is lightning-fast.
You like to eat raw meat.
Your natural rate of healing is unusually fast.


Message History

No path to travel!
Adjust to which letter? (? for menu, Esc to quit)
b - the +8 arbalest of an ossuary {freeze, rPois rN+ MR-}
f - a +0 blowgun No path to travel!
The +8 arbalest of an ossuary {freeze, rPois rN+ MR-} is covered in frost.
b - the +8 arbalest of an ossuary (weapon)
{freeze, rPois rN+ MR-} Unknown command.
You see here 86 arrows.
Search for what [? for help]? bolt Can't find anything matching that.
Unknown command.
Unknown command.
No path to travel!
Drop what? 23/52 slots (_ for help) (? for menu, Esc to quit)
The +8 arbalest of an ossuary {freeze, rPois rN+ MR-} stops glowing.
You are now empty-clawed.
You drop the +8 arbalest of an ossuary {freeze, rPois rN+ MR-}.
You stop training Crossbows.
Are you sure you want to abandon this character and quit the game? (Confirm with "yes".)

##...........#....###..........#.
.....###.###.#........<...######.
##>.## #.###.#....#####.### #.
#..# #†##.......# #÷# #. #..#
#.##.......# #.# #. #..#
#.##......)#####.# #.
#..####.#...........##.########.
##g<..............##.##..........
....##########..@................
###.# ###.).###....#.############
....###.)....)##.....#
....##...._..).##....#
######.........##....# #
#...........#.##.# #
#...........#.##.# #
#.^.........#.##.# ##
#...........#....#


There were no monsters in sight!

Vanquished Creatures
  3 adders (D:3)
  4 gnolls (D:3)
  An ooze (D:3)
  2 worms (D:2)
  2 dart slugs
  4 leopard geckos
  2 giant cockroaches (D:3)
  10 goblins
  7 hobgoblins
  2 jackals (D:1)
  9 kobolds
  6 bats
  3 frilled lizards
  9 rats
64 creatures vanquished.

Notes
Turn   | Place    | Note
-------+----------+-------------------------------------------
     0 | D:1      | Morbidden the Troll Archaeologist began the quest for the
                  | Orb.
     0 | D:1      | Reached XP level 1. HP: 18/18 MP: 0/0
   184 | D:1      | Reached XP level 2. HP: 17/26 MP: 1/1
   627 | D:1      | Reached XP level 3. HP: 32/32 MP: 2/2
  1019 | D:2      | Reached skill level 1 in Fighting
  1108 | D:2      | Reached skill level 3 in Dodging
  1336 | D:2      | Reached skill level 1 in Unarmed Combat
  1764 | D:3      | Gained mutation: Your natural rate of healing is unusually
                  | fast. [Troll growth]
  1764 | D:3      | Reached XP level 4. HP: 41/41 MP: 2/4
  2022 | D:3      | Found a bloodstained altar of Trog.
  2290 | D:3      | Reached skill level 1 in Spellcasting
  2408 | D:3      | Reached skill level 1 in Throwing
  2408 | D:3      | Reached XP level 5. HP: 48/48 MP: 5/5
  2408 | D:3      | Identified a scroll of acquirement
  2408 | D:3      | Identified the +8 arbalest of an ossuary {freeze, rPois rN+
                  | MR-} (You acquired it on level 3 of the Dungeon)
  2408 | D:3      | Identified the +1 hat "Uqaal" {+Inv} (You acquired it on
                  | level 3 of the Dungeon)
  2520 | D:3      | Quit the game

Skill      XL: |  1  2  3  4 |
---------------+-------------+-----
Fighting       | 1 |  1.4
Dodging        | 3 |  3.2
Unarmed Combat | 1 2 |  2.4
Stealth        | 2 |  2.0
Spellcasting   | 1 |  1.0
Throwing       | 1 |  1.0
Maces & Flails | |  1.0

Action                   |  1- 3 |  4- 6 || total
-------------------------+-------+-------++-------
Melee: Unarmed           |   153 |    61 ||   214
Throw: Stone             |    16 |    19 ||    35
  Use: Scroll            |       |     2 ||     2
 Stab: Sleeping          |     3 |     1 ||     4
  Eat: Chunk             |    20 |     7 ||    27
Armor: Skin              |    55 |    27 ||    82
Dodge: Dodged            |    76 |    45 ||   121
